cohdb
Replays
Latest Replays
All Replays
Popular Replays
Top Player Replays
Match Explorer
How It Works
Community
CoH3 Stats
Reddit
Sign in to upload your games and track your stats! →
Sign in with Steam
Match 42701903
Unlisted
Match 42701903
Overview
Messages
Build Orders
End
Construct Infanterie Kompanie
Kettenkrad Recon Vehicle
Selects Mechanized Battlegroup
Selects Mechanized Battlegroup
MG 42 Machine Gun Team
MG 42 Machine Gun Team
GrW 34 Mortar Team
Construct Panzergrenadier Kompanie
Pak 40 Anti-tank Gun Team
251 Medium Carrier
MG 42 Machine Gun Team
Pioneer Squad
Selects Mobile Repair Stations
Selects Stoßtruppen Assault Package
Construct Panzer Kompanie
Stoßtruppen Squad
Selects Mechanized Assault
Medical Bunker
Panzer IV Medium Tank
Medical Bunker
Selects Raid Package
Panzer Officer Quarters
Stoßtruppen Squad
Selects 8 Rad Armored Car
Selects UNKNOWN (2160084)
Panther Heavy Tank
251 Medium Carrier
Panther Heavy Tank
Mechanized Assault
Panther Heavy Tank
Panzer IV Medium Tank
Mechanized Assault
Panzer IV Medium Tank
Mechanized Assault
Side Skirts
Mayev
Drone Operator
nre_nuker
simranjitsingh713
Petranodon
Bismarck
39dapa
enpenfdplt
0
0
Comments
sign in to comment!
No comments posted yet!